 Dungeon Crawl Stone Soup version 0.22.1-1-ga44c0e5 (webtiles) character file.

664 brandon the Magician (level 7, -15/40 HPs)
             Began as a Deep Elf Fire Elementalist on Oct 7, 2018.
             Was an Initiate of Vehumet.
             Demolished by Pikel
             ... wielding a +1 whip of electrocution
              (19 damage)
             ... on level 3 of the Dungeon.
             The game lasted 00:17:30 (6589 turns).

brandon the Magician (Deep Elf Fire Elementalist)   Turns: 6589, Time: 00:17:32

Health: -15/40     AC:  3    Str:  5    XL:     7   Next: 31%
Magic:  5/19       EV: 13    Int: 22    God:    Vehumet [......]
Gold:   288        SH:  0    Dex: 15    Spells: 4/19 levels left

rFire    . . .     SeeInvis .   p - +0 spear
rCold    . . .     Gourm    .   (no shield)
rNeg     . . .     Faith    .   a - +0 robe
rPois    .         Spirit   .   (no helmet)
rElec    .         Reflect  .   (no cloak)
rCorr    .         Harm     .   i - +0 pair of gloves
MR       .....                  (no boots)
Stlth    ++........             (no amulet)
HPRegen  0.13/turn              (no ring)
MPRegen  0.16/turn              (no ring)

@: very slightly contaminated
A: no striking features
a: Renounce Religion


You were on level 3 of the Dungeon.
You worshipped Vehumet.
Vehumet was noncommittal.
You were hungry.

You visited 1 branch of the dungeon, and saw 7 of its levels.

You collected 288 gold pieces.

Inventory:

Hand Weapons
 p - a +0 spear (weapon)
Armour
 a - a +0 robe (worn)
 i - a +0 pair of gloves (worn)
Jewellery
 b - an uncursed ring of protection from magic {unknown}
 j - an uncursed ring of magical power {unknown}
 l - an uncursed ring of fire {unknown}
 r - an uncursed ring of protection from magic {unknown}
 v - an uncursed amulet of the gourmand {unknown}
Wands
 w - a wand of disintegration (22)
Scrolls
 d - a scroll of teleportation {unknown}
 h - 2 scrolls of enchant armour
 k - 2 scrolls of fear
 m - a scroll of fog
 n - 2 scrolls of amnesia
 o - a scroll of enchant weapon
 s - a scroll of remove curse {unknown}
 u - a scroll of magic mapping {unknown}
 y - a scroll of vulnerability {unknown}
Potions
 e - 2 potions of heal wounds
 g - a potion of lignification {unknown}
 q - 2 potions of flight {unknown}
 t - 2 potions of curing {unknown}
 x - a potion of mutation {unknown}
Comestibles
 c - 6 rations


   Skills:
 + Level 2.5 Fighting
 - Level 2.4 Dodging
 - Level 2.4 Stealth
 * Level 6.9 Spellcasting
 * Level 4.4 Conjurations
 + Level 5.0 Fire Magic


You had 4 spell levels left.
You knew the following spells:

 Your Spells              Type           Power        Failure   Level  Hunger
a - Flame Tongue          Conj/Fire      ####.        1%          1    None
b - Throw Flame           Conj/Fire      ####..       1%          2    None
c - Conjure Flame         Conj/Fire      ####....     3%          3    None
d - Sticky Flame          Conj/Fire      ####....     12%         4    ###....
e - Fireball              Conj/Fire      ####......   32%         5    #####..

Your spell library contained the following spells:

 Spells                   Type           Power        Failure   Level  Hunger
 Inner Flame              Hex/Fire       ###.....     9%          3    None


Dungeon Overview and Level Annotations

Branches:
Dungeon (7/15)             Temple (0/1) D:4

Altars:
Ashenzari
Elyvilon
Fedhas
Gozag
Sif Muna
Trog
Vehumet

Annotations:
D:3 Grinder, Pikel


Message History

Pikel hits you with a whip of electrocution!
You are electrocuted!
* * * LOW HITPOINT WARNING * * *
Casting: Sticky Flame (safe; 12% risk of failure)
Confirm with . or Enter, or press ? or * to list all spells.
Aiming: Sticky Flame (safe; 12% risk of failure)
Press: ? - help, Shift-Dir - straight line, f/p - Pikel
Aim: Pikel, wielding a whip of electrocution and wearing a glowing robe The sticky flame hits Pikel.
Pikel completely resists.
Pikel is lightly wounded.
Pikel is covered in liquid flames!
Pikel burns!
Pikel hits you with a whip of electrocution.
* * * LOW HITPOINT WARNING * * *
As you read the scroll of immolation, it crumbles to dust.
The creatures around you are filled with an inner flame!
Pikel burns!
Pikel hits you with a whip of electrocution!
* * * LOW HITPOINT WARNING * * *
You are electrocuted!
You die...

...# ##.##.# ...##### #.##.#
.......# #..#.# ####...#
###.#.# # #...#####.....# #
#........)#...# #
#.........##..# #
#.........##K.# #
#.........##.@### #
##........#.....#
######.......#.###.#########
......########..<#.........#
#####.# #.#.#########.#
####.# #.#...# #.# #....#
#.###.# #.# #.#### #.....#
#.# #.# ####### #.#


You could see Pikel (inner flame).

Vanquished Creatures
  A black bear (D:6)
  An orc warrior (D:6)
  A slave (D:4)
  A howler monkey (D:5)
  2 hounds (D:7)
  2 orc wizards
  4 orc priests
  2 worker ants (D:5)
  A worker ant zombie (D:6)
  7 adders
  2 dart slugs
  A leopard gecko (D:3)
  11 orcs
  10 bats
  4 giant cockroaches
  11 goblins
  7 hobgoblins
  3 quokkas
  3 frilled lizards
  4 kobolds
  8 rats
86 creatures vanquished.

Notes
Turn   | Place    | Note
-------+----------+-------------------------------------------
     0 | D:1      | brandon the Deep Elf Fire Elementalist began the quest for
                  | the Orb.
     0 | D:1      | Reached XP level 1. HP: 10/10 MP: 6/6
   268 | D:1      | Reached XP level 2. HP: 13/15 MP: 4/8
   276 | D:1      | Learned a level 2 spell: Throw Flame
  1244 | D:2      | Reached XP level 3. HP: 11/20 MP: 5/10
  1386 | D:2      | Learned a level 3 spell: Conjure Flame
  1482 | D:2      | Reached skill level 1 in Fighting
  1485 | D:2      | Reached skill level 4 in Spellcasting
  1586 | D:2      | Found a bloodstained altar of Trog.
  1598 | D:2      | Found an opulent altar of Gozag.
  1878 | D:2      | Found a deep blue altar of Sif Muna.
  2085 | D:3      | Reached XP level 4. HP: 25/25 MP: 8/12
  2125 | D:3      | Learned a level 4 spell: Sticky Flame
  2669 | D:3      | Found a white marble altar of Elyvilon.
  2669 | D:3      | Found a shattered altar of Ashenzari.
  2712 | D:3      | Noticed Grinder
  2981 | D:4      | Found a blossoming altar of Fedhas.
  2993 | D:4      | Reached skill level 5 in Spellcasting
  3076 | D:4      | Noticed a slave
  3087 | D:4      | Reached XP level 5. HP: 24/29 MP: 6/14
  3201 | D:4      | Found a radiant altar of Vehumet.
  3385 | D:4      | Became a worshipper of Vehumet
  3763 | D:5      | Entered Level 5 of the Dungeon
  4701 | D:6      | Reached XP level 6. HP: 35/35 MP: 10/16
  4712 | D:6      | Noticed an orc warrior
  4825 | D:6      | Reached skill level 6 in Spellcasting
  5143 | D:6      | Killed an orc warrior
  5479 | D:7      | Learned a level 5 spell: Fireball
  5494 | D:7      | Reached XP level 7. HP: 40/40 MP: 14/18
  6147 | D:6      | Reached skill level 5 in Fire Magic
  6512 | D:4      | Found a staircase to the Ecumenical Temple.
  6564 | D:4      | Noticed Pikel
  6589 | D:3      | Demolished by Pikel

Skill      XL: |  1  2  3  4  5  6  7 |
---------------+----------------------+-----
Fighting       | 1 2 |  2.5
Spellcasting   | 4 5 6 |  6.9
Fire Magic     | 4 5 |  5.0
Conjurations   | 2 3 4 |  4.4
Dodging        | |  2.4
Stealth        | |  2.4

Action                   |  1- 3 |  4- 6 |  7- 9 || total
-------------------------+-------+-------+-------++-------
Melee: Dagger            |     6 |       |       ||     6
       Spear             |       |    79 |    19 ||    98
 Cast: Flame Tongue      |    34 |    74 |    20 ||   128
       Throw Flame       |    28 |    26 |     6 ||    60
       Conjure Flame     |       |    13 |     2 ||    15
       Sticky Flame      |       |     2 |     3 ||     5
  Use: Scroll            |       |     9 |     1 ||    10
  Eat: Chunk             |     4 |     8 |       ||    12
       Ration            |       |     1 |     1 ||     2
Armor: Robe              |     3 |    11 |     6 ||    20
Dodge: Dodged            |    10 |    43 |    20 ||    73
